 Dungeon Crawl Stone Soup version 0.26-a0-812-g31a745ddcd (webtiles) character file.

Game seed: 11611125689007899402

714 kae the Insei (level 7, -1/41 HPs)
             Began as a Tengu Transmuter on Nov 19, 2020.
             Slain by an iguana (14 damage)
             ... on level 5 of the Dungeon.
             The game lasted 00:03:07 (5855 turns).

kae the Insei (Tengu Transmuter)                    Turns: 5855, Time: 00:03:08

Health: -1/41      AC:  2    Str: 13    XL:     7   Next: 69%
Magic:  4/12       EV: 24    Int: 13    God:
Gold:   308        SH:  0    Dex: 19    Spells: 8/12 levels left

rFire    . . .     SeeInvis .     - Unarmed
rCold    . . .     Faith    .   (shield currently unavailable)
rNeg     . . .     Spirit   .   (armour currently unavailable)
rPois    x         Reflect  .   (helmet currently unavailable)
rElec    .         Harm     .   (cloak currently unavailable)
rCorr    .         Rampage  .   (gloves currently unavailable)
MR       .....                  (boots unavailable)
Stlth    +.........             (no amulet)
HPRegen  0.13/turn              (no ring)
MPRegen  0.13/turn              l - ring of attention (curse)

@: spider-form (expiring), flying quickly and evasively, quick
A: tiny, able to fly
a: Stop Flying, End Transformation


You were on level 5 of the Dungeon.
You were a venomous arachnid creature.
You visited 1 branch of the dungeon, and saw 5 of its levels.

You collected 308 gold pieces.

Inventory:

Armour
 a - a +1 robe (melded)
Jewellery
 l - a cursed ring of attention (right front leg)
Wands
 e - a wand of random effects (23)
Scrolls
 c - a scroll of fog
 d - a scroll of enchant armour
 h - a scroll of remove curse {unknown}
 m - a scroll of teleportation
Potions
 b - 4 potions of lignification
 f - a potion of invisibility
 k - a potion of cancellation


   Skills:
 + Level 3.2 Fighting
 - Level 2.1 Dodging
 + Level 4.8 Unarmed Combat
 - Level 3.0 Spellcasting
 * Level 4.1 Transmutations
 * Level 3.9 Poison Magic


You had 8 spell levels left.
You knew the following spells:

 Your Spells              Type           Power        Failure   Level
a - Beastly Appendage     Tmut           ##....       13%         1
b - Spider Form           Tmut/Pois      ##........   30%         3

Your spell library contained the following spells:

 Spells                   Type           Power        Failure   Level
 Wereblood                Tmut           ##......     17%         2
 Ice Form                 Ice/Tmut       #.......     85%         4
 Blade Hands              Tmut           ##........   89%         5


Dungeon Overview and Level Annotations

Branches:
Dungeon (5/15)
 Temple: D:4-7

Altars:
Elyvilon
Kikubaaqudgha
Uskayaw

Shops:
D:4 :


Innate Abilities, Weirdness & Mutations

((You have a beak for a mouth.))
((You have claws for feet.))
You can fly continuously.


Message History

You hit the iguana but do no damage.
The iguana is poisoned.
You feel sick. The iguana bites you!
You bite the iguana!
The iguana is heavily wounded.
You hit the iguana but do no damage.
The iguana is heavily wounded.
You feel sick. The iguana completely misses you.
You hit the iguana but do no damage.
The iguana is heavily wounded.
The iguana bites you!
* * * LOW HITPOINT WARNING * * *
Your transformation is almost over.
You feel sick.
You feel better.
The howler monkey hoots and howls with incredible vigour!
The iguana misses you.
You hit the iguana but do no damage.
The iguana looks as sick as possible!
The iguana is severely wounded.
The iguana bites you!
You die...

#.......# #.......#
#.......# #.......#
#.......# # #.......#
#.## #.......#
#...#####......)#########
#>....hls................
#...#####..........(...>#
#... #######.#######.#
..... #.### #.... .......
#.#.. #.... ...O... ..
#.#.# #....


lh..... .... #.#.# #.... ...h... ....###.#.# #.... ........[###.... You could
see a howler monkey (catching breath) and an iguana (extremely poisoned).

Vanquished Creatures
  2 ogres (D:5)
  2 centaurs (D:5)
  A scorpion (D:4)
  A hound (D:4)
  A bullfrog skeleton (D:4)
  An orc wizard (D:3)
  A centaur skeleton (D:5)
  An iguana (D:4)
  9 adders
  An ooze (D:4)
  An adder skeleton (D:4)
  A worm (D:3)
  2 dart slugs (D:1)
  5 leopard geckos
  12 orcs
  5 giant cockroaches
  6 goblins
  12 hobgoblins
  2 jackals (D:3)
  5 kobolds
  3 quokkas
  A ball python (D:3)
  6 bats
  3 frilled lizards
  10 rats
94 creatures vanquished.

Vanquished Creatures (others)
  A human (D:2)
1 creature vanquished.

Grand Total: 95 creatures vanquished

Notes
Turn   | Place    | Note
-------+----------+-------------------------------------------
     0 | D:1      | kae the Tengu Transmuter began the quest for the Orb.
     0 | D:1      | Reached XP level 1. HP: 12/12 MP: 4/4
   290 | D:1      | Reached XP level 2. HP: 14/16 MP: 4/6
  1038 | D:1      | Reached XP level 3. HP: 20/20 MP: 5/7
  1043 | D:1      | Learned a level 3 spell: Spider Form
  2463 | D:2      | Reached skill level 1 in Poison Magic
  2463 | D:2      | Reached XP level 4. HP: 25/25 MP: 6/8
  2500 | D:2      | Found an ancient bone altar of Kikubaaqudgha.
  2501 | D:2      | Noticed a human
  2503 | D:2      | Killed a human
  2947 | D:3      | HP: 1/26 [orc/+0 mace (1)]
  3439 | D:3      | Found a hide-covered altar of Uskayaw.
  3446 | D:3      | Gained mutation: You can fly continuously. [Tengu growth]
  3446 | D:3      | Reached XP level 5. HP: 28/30 MP: 5/9
  4471 | D:4      | Reached XP level 6. HP: 34/35 MP: 9/11
  4815 | D:4      | Found a white marble altar of Elyvilon.
  4880 | D:4      | Found Sulyv's Book Shop.
  5440 | D:5      | Entered Level 5 of the Dungeon
  5500 | D:5      | Reached XP level 7. HP: 40/40 MP: 5/12
  5855 | D:5      | Slain by an iguana

Illustrated notes

Levels and vault maps discovered:
D:1:      nzn_arrival_water_spiral, layout_basic
D:2:      layout_basic, tgw_kikubaaqudgha
D:3:      layout_basic, overflow_temple_1_default
D:4:      minmay_skewed_foursquare, layout_basic, lemuel_round_altar,
          serial_shops, shop_statue, chequers_serial_rivers_large_b
D:5:      minmay_chambers_of_threes, layout_basic, minmay_temple_entry_waves

Skill      XL: |  1  2  3  4  5  6  7 |
---------------+----------------------+-----
Transmutations | 2 3 4 |  4.1
Poison Magic   | 1 2 3 |  3.9
Fighting       | 2 3 |  3.2
Unarmed Combat | 4 |  4.8
Spellcasting   | 3 |  3.0
Dodging        | |  2.1

Action                   |  1- 3 |  4- 6 |  7- 9 || total
-------------------------+-------+-------+-------++-------
Melee: Unarmed           |    87 |   132 |    24 ||   243
       Kick              |    20 |    27 |     1 ||    48
       Peck              |    11 |    18 |     2 ||    31
       Headbutt          |     8 |    14 |       ||    22
       Punch             |       |     1 |       ||     1
 Cast: Beastly Appendage |    29 |    30 |       ||    59
       Spider Form       |     1 |     5 |     3 ||     9
 Abil: Fly               |       |     1 |       ||     1
  Use: Scroll            |       |    11 |       ||    11
       Potion            |       |       |     1 ||     1
 Stab: Sleeping          |     1 |       |       ||     1
Armor: Robe              |    14 |    15 |     1 ||    30
       Skin              |       |     1 |     1 ||     2
Dodge: Dodged            |    59 |    96 |    19 ||   174

Table legend: (Time is in decaauts)
 A = Elapsed time spent in this place.
 B = Non-inter-level travel time spent in this place.
 C = Inter-level travel time spent in this place.
 D = Time resting spent in this place.
 E = Time spent auto-exploring this place.
 F = Levels seen in this place.
 G = Mean time per level.
                   A        B        C        D        E       F      G
               +--------+--------+--------+--------+--------+-----+--------+
         Total |   5730 |   5682 |     48 |    266 |   4716 |   5 | 1146.0 |
       Dungeon |   5730 |   5682 |     48 |    266 |   4716 |   5 | 1146.0 |
               +--------+--------+--------+--------+--------+-----+--------+

Top non-repeatable levels by time:
     D:1: 1586 daAuts
     D:2: 1497 daAuts
     D:4: 1135 daAuts
     D:3: 1114 daAuts
     D:5: 395 daAuts
